 Dungeon Crawl Stone Soup version 0.24-a0-769-g368c164 (webtiles) character file.

Game seed: 1087399631427468494, levelgen mode: deterministic

37 scarywalker64 the Caller (level 3, -2/27 HPs)
             Began as a Demigod Summoner on Oct 7, 2019.
             Slain by an adder (4 damage)
             ... on level 2 of the Dungeon.
             The game lasted 00:05:12 (1579 turns).

scarywalker64 the Caller (Demigod Summoner)         Turns: 1579, Time: 00:05:13

Health: -2/27      AC:  4    Str: 13    XL:     3   Next: 7%
Magic:  8/8        EV: 11    Int: 19    God:
Gold:   109        SH:  4    Dex: 16    Spells: 1/5 levels left

rFire    + . .     SeeInvis .   m - +0 spear
rCold    + + .     Gourm    .   f - +0 buckler
rNeg     . . .     Faith    .   b - +0 leather armour
rPois    +         Spirit   .   (no helmet)
rElec    +         Reflect  .   (no cloak)
rCorr    +         Harm     .   i - +0 pair of gloves
MR       .....                  (no boots)
Stlth    ++........             (no amulet)
HPRegen  0.09/turn              a - ring of wizardry
MPRegen  0.11/turn              l - ring of protection from cold

@: lethally poisoned (-2 -> -6), resistant
A: high mp 1
a: no special abilities


You were on level 2 of the Dungeon.
You were not hungry.

You visited 1 branch of the dungeon, and saw 2 of its levels.

You collected 109 gold pieces.

Inventory:

Hand Weapons
 h - a +0 whip
 m - a +0 spear (weapon)
Missiles
 e - 87 stones (quivered)
Armour
 b - a +0 leather armour (worn)
 f - a +0 buckler (worn)
 i - a +0 pair of gloves (worn)
 j - a +0 large shield
Jewellery
 a - a ring of wizardry (left hand)
 l - a ring of protection from cold (right hand)
Scrolls
 g - a scroll of identify
 k - a scroll of magic mapping
 o - a scroll of teleportation {unknown}
Comestibles
 c - a ration
 d - 2 chunks of flesh


   Skills:
 * Level 0.6 Fighting
 + Level 0.2 Maces & Flails
 + Level 0.4 Armour
 + Level 2.1 Dodging
 * Level 1.9 Stealth
 * Level 0.2 Shields
 * Level 1.9 Spellcasting
 * Level 4.0 Summonings


You had one spell level left.
You knew the following spells:

 Your Spells              Type           Power        Failure   Level  Hunger
a - Summon Small Mammal   Summ           ###.         2%          1    #......
b - Call Canine Familiar  Summ           ###.....     9%          3    ###....

Your spell library contained the following spells:

 Spells                   Type           Power        Failure   Level  Hunger
 Call Imp                 Summ           ###.....     4%          2    ###....
 Summon Guardian Golem    Hex/Summ       #.......     17%         3    ###....
 Summon Ice Beast         Ice/Summ       #.......     50%         4    #####..
 Summon Lightning Spire   Summ/Air       #.......     50%         4    #####..


Dungeon Overview and Level Annotations

Branches:
Dungeon (2/15)


Innate Abilities, Weirdness & Mutations

You have an increased reservoir of magic. (+10% MP)


Message History

You closely miss the adder.
The adder is moderately wounded.
You feel sick. The adder barely misses you. The adder closely misses you.
You hit the adder.
The adder is severely wounded.
The adder closely misses you.
You closely miss the adder.
The adder is severely wounded.
You feel sick. The adder bites you.
* * * LOW HITPOINT WARNING * * *
The adder bites you.
* * * LOW HITPOINT WARNING * * *
You hit the adder.
The adder is almost dead.
The adder misses you.
You miss the adder.
The adder is almost dead.
* * * LOW HITPOINT WARNING * * *
You feel sick. The adder bites you but does no damage. The adder bites you.
You die...

... #..##
#...# #...#
#+# #...# #.#
#...# #.#
#.#.# ##.##
#.#S#
###...####
#.#@#
#........#
#...#
#.#...##.#
#.###
##.###.#####.#
#.# #.......#
#.# #########
#.# #.# #.#


You could see an adder.

Vanquished Creatures
  A gnoll (D:1)
  A dart slug (D:1)
  2 giant cockroaches (D:1)
  4 goblins (D:1)
  3 hobgoblins
  A quokka (D:2)
  2 ball pythons (D:1)
  4 frilled lizards
  2 kobolds
  3 rats
23 creatures vanquished.

Vanquished Creatures (collateral kills)
  A goblin (D:1)
1 creature vanquished.

Grand Total: 24 creatures vanquished

Notes
Turn   | Place    | Note
-------+----------+-------------------------------------------
     0 | D:1      | scarywalker64 the Demigod Summoner began the quest for the
                  | Orb.
     0 | D:1      | Reached XP level 1. HP: 14/14 MP: 5/5
   590 | D:1      | Reached XP level 2. HP: 19/22 MP: 7/7
   802 | D:1      | Reached skill level 4 in Summonings
  1161 | D:2      | Reached XP level 3. HP: 27/27 MP: 8/8
  1170 | D:2      | Learned a level 3 spell: Call Canine Familiar
  1579 | D:2      | Slain by an adder

Levels and vault maps discovered:
D:1:      lemuel_arrival_funnel, layout_basic, minmay_octomino_c4
D:2:      cheibrodos_helix_gallery, layout_loops_corners

Skill      XL: |  1  2 |
---------------+-------+-----
Dodging        | 2 |  2.1
Summonings     | 4 |  4.0
Fighting       | |  0.6
Maces & Flails | |  0.2
Armour         | |  0.4
Stealth        | |  1.9
Shields        | |  0.2
Spellcasting   | |  1.9

Action                   || total
-------------------------++-------
Melee: Whip              ||    74
       Unarmed           ||     9
       Spear             ||    43
 Cast: Summon Small Mamm ||     5
  Use: Scroll            ||     5
       Potion            ||     3
  Eat: Chunk             ||     2
Armor: Leather armour    ||    20
Dodge: Dodged            ||    74
Block: Buckler           ||     8

Table legend:
 A = Non-vault XP
 B = Vault XP
 C = Vault XP percentage of total XP
 D = Non-vault monster count
 E = Vault monster count
 F = Vault count percentage of total count
                 A         B        C        D         E       F
            +---------+---------+-------+---------+---------+-------
      Total |      28 |      25 |  47.2 |      17 |       7 |  29.2
            +---------+---------+-------+---------+---------+-------
        D:1 |      22 |      22 |  50.0 |      13 |       5 |  27.8
        D:2 |       6 |       3 |  33.3 |       4 |       2 |  33.3
            +---------+---------+-------+---------+---------+-------
